 Seeded DCSS version 0.32-a0-961-gd60f5e5fc7 (webtiles) character file.

Game seed: 2024041710 (custom seed)

51 Orlauf the Poker (level 3, 0/28 HPs)
             Began as a Demonspawn Gladiator on Apr 17, 2024.
             Slain by a gnoll
             ... wielding a +0 halberd
              (10 damage)
             ... on level 2 of the Dungeon.
             The game lasted 00:01:02 (1095 turns).

Orlauf the Poker (Demonspawn Gladiator)             Turns: 1095, Time: 00:01:02

Health: 0/28       AC: 11    Str: 16    XL:     3   Next: 58%
Magic:  3/3        EV:  4    Int:  8    God:
Gold:   56         SH:  0    Dex: 14    Spells: 2/2 levels left

rFire   . . .        a - +1 trident
rCold   . . .        (no shield)
rNeg    . . .        f - +0 plate armour
rPois   .            c - +0 helmet
rElec   .            (no cloak)
rCorr   .            (no gloves)
SInv    .            (no boots)
Will    .....        (no amulet) Stlth
                     (no ring)
HPRegen 0.24/turn    (no ring)
MPRegen 0.08/turn

%: no passive effects
@: no status effects
A: powered by pain 1
a: no special abilities


You were on level 2 of the Dungeon.
You visited 1 branch of the dungeon, and saw 2 of its levels.

You collected 56 gold pieces.

Inventory:

Hand Weapons
 a - a +1 trident (weapon)
Missiles
 d - 3 throwing nets (quivered)
 e - a javelin
Armour
 c - a +0 helmet (worn)
 f - a +0 plate armour (worn)
Scrolls
 h - a scroll of teleportation
Potions
 b - a potion of ambrosia {unknown}
 i - a potion of curing {unknown}


   Skills:
 + Level 2.8 Fighting
 * Level 3.7 Polearms
 - Level 1.7 Throwing
 - Level 2.6 Dodging


You had 2 spell levels left.
You didn't know any spells.
Your spell library contained the following spells:

 Spells                   Type           Power      Damage    Failure   Level
 Slow                     Hex            0%         N/A       100%        1
 Confusing Touch          Hex            0%         N/A       100%        3
 Vampiric Draining        Necr           0%         2d6       100%        3


Dungeon Overview and Level Annotations

Branches:
Dungeon (2/15)

Altars:


Innate Abilities, Weirdness & Mutations

You sometimes gain a little power by taking damage.


Message History

The bat barely misses you.
A gnoll comes into view. It is wielding a +0 spear.
You reach to attack!
You closely miss the bat.
The bat is heavily wounded.
The bat barely misses you.
You reach to attack!
You puncture the bat!
You kill the bat!
A gnoll comes into view. It is wielding a +0 club.
The gnoll hits you but does no damage.
You reach to attack!
You hit the gnoll.
The gnoll is heavily wounded.
An adder comes into view.
The gnoll hits you from afar with a +0 halberd.
You reach to attack!
You closely miss the gnoll.
The gnoll is heavily wounded.
The gnoll barely misses you.
You hit the gnoll.
The gnoll is moderately wounded.
The gnoll hits you but does no damage.
The gnoll hits you from afar with a +0 halberd!
The gnoll hits you but does no damage.
You are too injured to fight recklessly!
You are too injured to fight recklessly!
You are too injured to fight recklessly!
You are too injured to fight recklessly!
You are too injured to fight recklessly!
You are too injured to fight recklessly!
You are too injured to fight recklessly!
You are too injured to fight recklessly!
You are too injured to fight recklessly!
You are too injured to fight recklessly!
You are too injured to fight recklessly!
You are too injured to fight recklessly!
You are too injured to fight recklessly!
You are too injured to fight recklessly!
You are too injured to fight recklessly!
You are too injured to fight recklessly!
You are too injured to fight recklessly!
The gnoll hits you from afar with a +0 halberd!
You die...

.# #.........#
..##......>..
............##
#..[........?#
#......gS....#
#......g.g...#
#...:..g†....#
.......@.....#
.....†......##
#..........##
#..........#
#........###
#.........
##........
####......


You could see 4 gnolls and an adder.

Vanquished Creatures
  A gnoll (D:1)
  A dart slug (D:1)
  5 endoplasms (D:1)
  2 giant cockroaches (D:1)
  2 goblins (D:1)
  5 hobgoblins
  3 jackals (D:1)
  A quokka (D:1)
  6 ball pythons
  5 bats
  A frilled lizard (D:1)
  2 kobolds (D:1)
  2 rats
36 creatures vanquished.

Notes
Turn   | Place    | Note
-------+----------+-------------------------------------------
     0 | D:1      | Orlauf the Demonspawn Gladiator began the quest for the
                  | Orb.
     0 | D:1      | Reached XP level 1. HP: 16/16 MP: 1/1
    91 | D:1      | Reached skill level 3 in Polearms
   144 | D:1      | Gained mutation: You sometimes gain a little power by
                  | taking damage. [demonic ancestry]
   144 | D:1      | Reached XP level 2. HP: 22/22 MP: 2/2
   380 | D:1      | Reached XP level 3. HP: 28/28 MP: 3/3
  1095 | D:2      | Slain by a gnoll

Illustrated notes

Levels and vault maps discovered:
D:1:      roderic_crossed_star, layout_basic, chequers_serial_rivers_micro_d,
          amcnicky_mini_rare_corridor_liquid, serial_bayou_lagoon_b
D:2:      layout_rooms, grunt_ministairs_2

Skill      XL: |  1 |
---------------+----+-----
Polearms       | 3 |  3.7
Fighting       | |  2.8
Throwing       | |  1.7
Dodging        | |  2.6

Action                     || total
---------------------------++-------
  Melee: Trident           ||   111
    Use: Scroll            ||     2
 Armour: Plate armour      ||    91
         Leather armour    ||     1
  Dodge: Dodged            ||    17

Table legend: (Time is in decaauts)
 A = Elapsed time spent in this place.
 B = Non-inter-level travel time spent in this place.
 C = Inter-level travel time spent in this place.
 D = Time resting spent in this place.
 E = Time spent auto-exploring this place.
 F = Levels seen in this place.
 G = Mean time per level.
                   A        B        C        D        E       F      G
               +--------+--------+--------+--------+--------+-----+--------+
         Total |   1124 |   1116 |      8 |      3 |    911 |   2 |  562.0 |
       Dungeon |   1124 |   1116 |      8 |      3 |    911 |   2 |  562.0 |
               +--------+--------+--------+--------+--------+-----+--------+

Top non-repeatable levels by time:
     D:1: 1108 daAuts
     D:2: 15 daAuts
